Map: Frozen Temple

Players

MaNa

  • Race: Protoss Protoss

Welmu - Winner!

  • Race: Protoss Protoss

Event: 2016 WCS Summer Circuit Championship (DH Montreal)

VOD

Have the link to the VOD?

Description

Time

  • Played on: Aug. 13, 2016, 12:51 p.m.
  • Length: 10:44

All games in this series

Show
View Real Time Build Order
Export as new Build Order

MaNa Protoss 

Build Orders:  

Get SALT Encoding   

  12  0:00  Probe (Chrono Boost)  
  13  0:11  Probe (Chrono Boost)  
  14  0:18  Pylon  
  14  0:22  Probe (Chrono Boost)  
  15  0:36  Probe (Chrono Boost)  
  15  0:38  Gateway  
  16  0:46  Probe (Chrono Boost)  
  16  0:48  Assimilator  
  17  0:57  Probe (Chrono Boost)  
  17  0:58  Assimilator  
  18  1:05  Gateway  
  18  1:08  Probe (Chrono Boost)  
  20  1:18  Probe (Chrono Boost)  
  20  1:26  Cybernetics Core  
  20  1:29  Probe (Chrono Boost)  
  21  1:32  Pylon  
  21  1:39  Probe (Chrono Boost)  
  22  1:50  Probe (Chrono Boost)  
  22  1:53  Warp Gate  
  23  2:02  Mothership Core (Chrono Boost)  
  25  2:08  Stalker  
  25  2:09  Stalker  
  29  2:16  Pylon  
  29  2:38  Stalker  
  29  2:39  Stalker  
  32  2:58  Nexus  
  32  3:13  Stalker  
  32  3:15  Stalker  
  36  3:22  Probe (Chrono Boost)  
  37  3:33  Probe (Chrono Boost)  
  34  3:44  Mothership Core (Chrono Boost)  
  32  3:57  Stalker x2  
  32  4:02  Probe (Chrono Boost)  
  35  4:08  Twilight Council  
  35  4:12  Probe (Chrono Boost)  
  35  4:13  Probe (Chrono Boost)  
  37  4:23  Stalker  
  39  4:28  Probe (Chrono Boost)  
  39  4:30  Probe (Chrono Boost)  
  41  4:34  Sentry  
  43  4:39  Probe (Chrono Boost)  
  43  4:42  Probe (Chrono Boost)  
  43  4:43  Blink  
  41  4:51  Probe (Chrono Boost)  
  40  4:57  Probe (Chrono Boost)  
  41  5:03  Probe (Chrono Boost)  
  42  5:11  Probe (Chrono Boost)  
  44  5:16  Probe (Chrono Boost)  
  44  5:17  Robotics Facility  
  44  5:22  Probe (Chrono Boost)  
  44  5:28  Probe (Chrono Boost)  
  46  5:32  Probe (Chrono Boost)  
  47  5:36  Sentry, Pylon  
  47  5:40  Probe (Chrono Boost)  
  50  5:43  Probe (Chrono Boost)  
  50  5:46  Pylon  
  51  5:51  Probe (Chrono Boost)  
  51  5:53  Probe (Chrono Boost)  
  53  6:01  Gateway x2  
  53  6:02  Probe (Chrono Boost), Warp Prism  
  54  6:10  Gateway  
  56  6:15  Gateway  
  56  6:19  Probe x2 (Chrono Boost)  
  56  6:23  Sentry x2  
  62  6:33  Assimilator, Pylon  
  62  6:36  Observer, Pylon  
  63  6:44  Pylon  
  63  6:47  Stalker x2  
  68  6:55  Probe (Chrono Boost)  
  68  6:57  Probe (Chrono Boost)  
  69  7:11  Stalker x3  
  69  7:13  Adept  
  69  7:14  Adept  
  69  7:15  Zealot  
  77  7:44  Stalker x5  
  77  7:47  Nexus  
  71  8:13  Stalker x4  
  71  8:18  Adept x2  
  81  8:29  Pylon  
  81  8:32  Pylon  
  81  8:39  Adept x6  
  81  8:40  Resonating Glaives  
  93  9:00  Probe (Chrono Boost)  
  93  9:01  Probe (Chrono Boost)  
  93  9:02  Probe (Chrono Boost)  
  96  9:04  Adept x5  
  96  9:05  Adept  
  108  9:10  Assimilator  
  108  9:12  Probe x2 (Chrono Boost)  
  110  9:22  Probe x2 (Chrono Boost)  
  110  9:23  Probe (Chrono Boost)  
  113  9:24  Pylon  
  113  9:34  Probe (Chrono Boost)  
  114  9:38  Adept x3  
  114  9:39  Adept x2  
  124  9:51  Adept  
  110  10:18  Pylon  
  110  10:20  Pylon  
  110  10:21  Pylon  
  110  10:23  Pylon  
Show
View Real Time Build Order
Export as new Build Order

Welmu Protoss - Winner!

Build Orders: Zealot Archon 

Get SALT Encoding   

  12  0:00  Probe (Chrono Boost)  
  13  0:11  Probe (Chrono Boost)  
  14  0:18  Pylon  
  14  0:22  Probe (Chrono Boost)  
  15  0:36  Probe (Chrono Boost)  
  15  0:37  Gateway  
  16  0:46  Probe (Chrono Boost)  
  16  0:48  Assimilator  
  17  0:52  Assimilator  
  17  0:57  Probe (Chrono Boost)  
  18  1:08  Probe (Chrono Boost)  
  18  1:09  Gateway  
  20  1:18  Probe (Chrono Boost)  
  20  1:24  Cybernetics Core  
  20  1:29  Probe (Chrono Boost)  
  21  1:32  Pylon  
  21  1:39  Probe (Chrono Boost)  
  22  1:48  Warp Gate  
  22  1:50  Probe (Chrono Boost)  
  23  2:01  Adept x2  
  23  2:08  Mothership Core (Chrono Boost)  
  29  2:09  Pylon  
  29  2:29  Stalker x2  
  33  2:51  Nexus  
  33  2:56  Probe (Chrono Boost)  
  34  3:00  Sentry x2  
  38  3:08  Probe (Chrono Boost)  
  39  3:19  Pylon  
  39  3:37  Robotics Facility  
  39  3:39  Probe (Chrono Boost)  
  38  3:50  Probe (Chrono Boost)  
  38  3:52  Stalker x2  
  41  4:00  Probe (Chrono Boost)  
  40  4:06  Probe (Chrono Boost)  
  41  4:11  Probe (Chrono Boost)  
  41  4:17  Probe (Chrono Boost)  
  43  4:22  Probe (Chrono Boost)  
  43  4:23  Sentry  
  43  4:24  Observer  
  46  4:27  Probe (Chrono Boost)  
  48  4:32  Pylon  
  48  4:33  Adept  
  48  4:34  Probe (Chrono Boost)  
  48  4:38  Probe (Chrono Boost)  
  52  4:43  Immortal  
  47  4:46  Probe (Chrono Boost)  
  47  4:52  Stalker  
  47  4:58  Probe (Chrono Boost)  
  47  4:59  Probe (Chrono Boost)  
  51  5:01  Stalker  
  51  5:04  Pylon  
  53  5:08  Probe (Chrono Boost)  
  53  5:11  Probe (Chrono Boost)  
  55  5:15  Assimilator  
  55  5:17  Immortal, Assimilator  
  55  5:19  Probe (Chrono Boost)  
  56  5:24  Probe (Chrono Boost)  
  61  5:31  Forge  
  61  5:32  Probe (Chrono Boost)  
  63  5:36  Probe (Chrono Boost)  
  63  5:41  Twilight Council  
  63  5:45  Probe (Chrono Boost), Pylon  
  64  5:51  Protoss Ground Weapons Level 1  
  64  5:53  Warp Prism, Pylon  
  64  5:56  Sentry, Adept  
  70  6:06  Resonating Glaives  
  70  6:17  Gateway  
  70  6:18  Gateway  
  70  6:22  Gateway x2  
  70  6:25  Gateway  
  70  6:33  Immortal  
  74  6:44  Templar Archives  
  74  6:49  Adept x2  
  74  6:51  Pylon  
  78  6:56  Pylon  
  78  7:08  Nexus  
  78  7:22  High Templar x2  
  82  7:23  Adept x3  
  82  7:27  Immortal  
  92  7:30  Archon  
  92  7:33  Adept, Pylon  
  92  7:35  Pylon  
  94  7:37  Pylon  
  92  7:45  Adept  
  92  7:46  Adept x2  
  98  8:02  Adept x4  
  100  8:14  Adept x3  
  100  8:18  Warp Prism  
  100  8:19  Pylon  
  106  8:20  Pylon  
  106  8:42  Adept x6  
  114  9:05  Nexus  
  114  9:06  High Templar x4  
  114  9:08  Adept  
  124  9:10  Archon x2  
  124  9:19  Pylon  
  124  9:21  Pylon  
  124  9:26  Adept  
  124  9:33  Adept x2  
  125  9:52  Adept x2  
  129  9:54  Adept  
  129  9:58  Observer  
  131  10:13  Adept, High Templar  
  135  10:19  Adept  
  129  10:29  Adept x2  
Tags
 
Add a new tag
Caveats
  • Supply blocks, unpowered buildings, or Contaminate may cause inaccurate times.
  • Supply counts are checked every 10 seconds.